 Dungeon Crawl Stone Soup version 0.19.5 (webtiles) character file.

86 miragecloak the Changer (level 4, -1/28 HPs)
             Began as an Octopode Transmuter on May 15, 2017.
             Slain by a kobold
             ... wielding a +0 short sword
              (4 damage)
             ... on level 1 of the Dungeon.
             The game lasted 00:02:21 (1984 turns).

miragecloak the Changer (Octopode Transmuter)       Turns: 1984, Time: 00:02:22

Health: -1/28      AC:  1    Str:  9    XL:     4   Next: 50%
Magic:  0/7        EV: 13    Int: 15    God:
Gold:   122        SH:  0    Dex: 13    Spells: 2 memorised, 3 levels left

rFire  . . .     SeeInvis .       - Unarmed
rCold  . . .     Gourm    .     (no shield)
rNeg   + . .     Faith    .     (helmet restricted)
rPois  .         Spirit   .     (no amulet)
rElec  .         Reflect  .     j - ring of positive energy
rCorr  .         Harm     .     (no ring)
MR     .....                    (no ring)
Stlth  ++........               (no ring)
                                (no ring)
                                (no ring)
                                (no ring)
                                (no ring)

@: very slightly contaminated
A: almost no armour, stealthy swim, amphibious, 8 rings, constrict 8, camouflage
1, gelatinous body 1
a: no special abilities


You were on level 1 of the Dungeon.
You were hungry.

You visited 1 branch of the dungeon, and saw 2 of its levels.

You collected 122 gold pieces.

Inventory:

Missiles
 a - 12 arrows
Jewellery
 j - a ring of positive energy (left tentacle)
Scrolls
 d - 2 scrolls of identify {unknown}
 e - a scroll of fog {unknown}
 f - a scroll of fear {unknown}
 l - a scroll of remove curse {unknown}
Potions
 h - 2 potions of curing {unknown}
 i - a potion of agility
Books
 b - a book of Changes

   Spells                             Type                      Level
   a - Beastly Appendage              Transmutation                1
   b - Sticks to Snakes               Transmutation                2
   c - Spider Form                    Transmutation/Poison         3
   d - Ice Form                       Ice/Transmutation            4
   e - Blade Hands                    Transmutation                5
Comestibles
 c - 2 bread rations
 g - 2 meat rations


   Skills:
 - Level 1.0 Fighting
 - Level 2.0 Dodging
 - Level 3.0 Unarmed Combat
 - Level 2.0 Spellcasting
 + Level 3.8 Transmutations
 + Level 2.6 Poison Magic


You had 3 spell levels left.
You knew the following spells:

 Your Spells              Type           Power        Failure   Level  Hunger
a - Beastly Appendage     Tmut           ##....       6%          1    #......
b - Spider Form           Tmut/Pois      ##........   21%         3    ###....


Dungeon Overview and Level Annotations

Branches:
Dungeon (2/15)

Altars:
Qazlal


Innate Abilities, Weirdness & Mutations

You cannot wear most types of armour.
You are very stealthy in the water. (Stealth+)
You are amphibious.
You can wear up to eight rings at the same time.
You can use your tentacles to constrict eight enemies at once.
Your skin changes colour to match your surroundings (Stealth+).
Your rubbery body absorbs attacks. (AC +1, EV +1)


Message History

The kobold hits you with a short sword. The gnoll hits you.
* * * LOW HITPOINT WARNING * * *
The gnoll closely misses you.
You are too injured to fight recklessly!
Unknown command.
Casting: Spider Form
Confirm with . or Enter, or press ? or * to list all spells.
You don't have enough magic to cast that spell.
You are too injured to fight recklessly!
Unknown command.
You tentacle-slap the gnoll. Your grab misses the gnoll.
The gnoll is moderately wounded.
The kobold misses you.
You barely miss the gnoll. You grab the gnoll.
The gnoll is moderately wounded.
You constrict the gnoll, but do no damage.
The gnoll barely misses you. The gnoll hits you with a whip.
* * * LOW HITPOINT WARNING * * *
The kobold hits you with a short sword.
You die...

#.####### #.#
#.####.#..⌠...
#^...(..#
#.###......#.....⌠
#######.#
#....#####.##..⌠..
#.# #.# #.#.##
#.###.... #.#
#.###.#.##
#.####.##
#.#####........#
#.##.####
#......#.##.#..#
#........
######.#.##g#..#
####.....
#.#.##@K..# #.[...
#.#.##g##.#####
##....
#.#.##........#
#.##.
#.#.......###.#
##.##. #.)###.####
#.# ##...#. ##.#
#.# #.# #......
#.# #.# ####.#
#....#. #.# #[#
#....# #.#.##. #.#
#.# #.#### #.#.##.


You could see 2 gnolls and a kobold.

Vanquished Creatures
  3 adders (D:2)
  A worm (D:2)
  3 leopard geckos
  A giant cockroach (D:1)
  8 goblins
  5 hobgoblins
  3 jackals (D:1)
  7 kobolds
  8 bats
  13 frilled lizards (D:1)
  4 rats
56 creatures vanquished.

Notes
Turn   | Place    | Note
-------+----------+-------------------------------------------
     0 | D:1      | miragecloak the Octopode Transmuter began the quest for the Orb.
     0 | D:1      | Reached XP level 1. HP: 13/13 MP: 3/3
   124 | D:1      | Reached XP level 2. HP: 16/18 MP: 3/5
   667 | D:1      | Reached XP level 3. HP: 23/23 MP: 4/6
   672 | D:1      | Learned a level 3 spell: Spider Form
  1000 | D:1      | Reached skill level 1 in Poison Magic
  1360 | D:2      | Reached XP level 4. HP: 28/28 MP: 4/7
  1387 | D:2      | Found a stormy altar of Qazlal.
  1984 | D:1      | Slain by a kobold

Skill      XL: |  1  2  3 |
---------------+----------+-----
Transmutations | 3 |  3.8
Poison Magic   | 2 |  2.6
Fighting       | |  1.0
Dodging        | |  2.0
Unarmed Combat | |  3.0
Spellcasting   | |  2.0

Action                   |  1- 3 |  4- 6 || total
-------------------------+-------+-------++-------
Melee: Unarmed           |    93 |    24 ||   117
       Constrict         |    23 |     4 ||    27
       Tentacles         |    11 |     4 ||    15
       Kick              |    12 |       ||    12
       Punch             |     1 |     1 ||     2
 Cast: Beastly Appendage |    17 |       ||    17
       Spider Form       |     4 |     4 ||     8
 Stab: Sleeping          |     5 |       ||     5
  Eat: Chunk             |     2 |     3 ||     5
Armor: Skin              |     7 |     4 ||    11
Dodge: Dodged            |    62 |    29 ||    91
